[Event "Titled Tuesday Blitz November 15 Late 2022"]
[White "Figorito, Nick"]
[Black "Vlassov, Nikolai"]
[WhiteFideId "30923689"]
[BlackFideId "4103360"]
[WhiteElo "2345"]
[BlackElo "2324"]
[Result "1-0"]
[Round "10"]
[TimeControl "180+1"]
[Date "2022.11.16"]
[WhiteClock "0:00:13"]
[BlackClock "0:00:01"]

1. Nf3 c5 2. g3 Nc6 3. d4 cxd4 4. Nxd4 Qa5+ 5. c3 Nf6 6. Bg2 h5 7. h4 e5 8. Nxc6 dxc6 9. O-O Bg4 10. b4 Qa6 11. Re1 Rd8 12. Nd2 Be7 13. a4 O-O 14. Qc2 Rd7 15. Nb3 Rfd8 16. Be3 Qc4 17. Bxa7 Bxb4 18. Rac1 Bf8 19. Bb6 Re8 20. a5 Nd5 21. Nd2 Qa6 22. Ne4 Nxb6 23. axb6 Qxb6 24. Ng5 g6 25. Ne4 Kg7 26. Rb1 Qc7 27. Qb2 Red8 28. c4 Bf5 29. Rbc1 Bxe4 30. Bxe4 Bc5 31. Qc3 Kg8 32. Qf3 f5 33. Bxf5 gxf5 34. Qxf5 Rg7 35. e3 Qf7 36. Qxe5 Bd6 37. Qe4 Re8 38. Qg2 Re6 39. c5 Bc7 40. Rb1 Reg6 41. Rxb7 Qc4 42. Rxc7 Rxc7 43. Rd1 Qxc5 44. Rd8+ Kh7 45. Qe4 Rg7 46. Kh2 Qe7 47. Qxe7 1-0


[Site "https://www.chess.com"]

[Event "Titled Tuesday Blitz November 15 Late 2022"]
[White "Garcia Pantoja, Roberto"]
[Black "Sarana, Alexey"]
[WhiteFideId "3509265"]
[BlackFideId "24133795"]
[WhiteElo "2524"]
[BlackElo "2708"]
[Result "0-1"]
[Round "10"]
[TimeControl "180+1"]
[Date "2022.11.15"]
[WhiteClock "0:01:28"]
[BlackClock "0:02:10"]

1. e4 c5 2. Nf3 d6 3. d4 cxd4 4. Nxd4 Nf6 5. Nc3 a6 6. Bg5 e6 7. f4 Qb6 8. Qd3 Qxb2 9. Rb1 Qa3 10. f5 Qc5 11. Bxf6 gxf6 12. Be2 Nc6 13. Nxc6 bxc6 14. Rf1 Be7 15. Rb3 d5 16. fxe6 fxe6 17. Bh5+ Kd8 18. Qg3 d4 19. Na4 Qa5+ 20. Kd1 Qxh5+ 0-1


[Site "https://www.chess.com"]

[Event "Titled Tuesday Blitz November 15 Late 2022"]
[White "Gasparyan, David"]
[Black "Souleidis, Georgios"]
[WhiteFideId "13311980"]
[BlackFideId "4206827"]
[WhiteElo "2327"]
[BlackElo "2401"]
[Result "0-1"]
[Round "10"]
[TimeControl "180+1"]
[Date "2022.11.16"]
[WhiteClock "0:00:21"]
[BlackClock "0:00:19"]

1. Nf3 d5 2. d4 Nf6 3. e3 e6 4. Bd3 b6 5. O-O Bb7 6. Nbd2 c5 7. c3 Nc6 8. e4 dxe4 9. Nxe4 cxd4 10. cxd4 Be7 11. Re1 O-O 12. a3 Rc8 13. Be3 Na5 14. Ned2 Nd5 15. Rc1 Rxc1 16. Qxc1 Nxe3 17. fxe3 Qb8 18. b4 Nc6 19. Qb1 g6 20. Rc1 Rc8 21. Ne4 Nd8 22. Ne5 Rxc1+ 23. Qxc1 Qa8 24. Qc2 Nc6 25. Nc4 Qd8 26. b5 Na5 27. Nxa5 bxa5 28. a4 Bb4 29. Nc5 Bd5 30. Na6 Qh4 31. Qf2 Qg5 32. h4 Qg4 33. Nxb4 axb4 34. a5 Qd1+ 35. Kh2 Qxd3 36. b6 axb6 37. axb6 b3 38. Qf6 h5 39. Qd8+ Kg7 40. b7 Bxb7 41. Qb8 Qe4 42. Qg3 Qxg2+ 43. Qxg2 Bxg2 44. Kxg2 b2 45. Kf3 b1=Q 46. e4 Qh1+ 47. Kf4 Qxh4+ 48. Ke5 Qg3# 0-1


[Site "https://www.chess.com"]

[Event "Titled Tuesday Blitz November 15 Late 2022"]
[White "Gerbelli Neto, Eduardo"]
[Black "Hoffmann, Asa"]
[WhiteFideId "2103281"]
[BlackFideId "2001470"]
[WhiteElo "2178"]
[BlackElo "2117"]
[Result "1-0"]
[Round "10"]
[TimeControl "180+1"]
[Date "2022.11.16"]
[WhiteClock "0:00:14"]
[BlackClock "0:01:05"]

1. e4 d6 2. Nc3 c6 3. d4 Nf6 4. Bd3 e5 5. Nge2 Be6 6. f3 Be7 7. Be3 b5 8. g4 a6 9. Ng3 g6 10. g5 Nh5 11. Nxh5 gxh5 12. h4 Qb6 13. Ne2 c5 14. d5 Bc8 15. Qd2 Nd7 16. c4 Rb8 17. b3 Nf8 18. Ng3 Ng6 19. Nxh5 Bd7 20. f4 bxc4 21. Bxc4 exf4 22. Bxf4 Bg4 23. Ng7+ Kf8 24. Nf5 Bxf5 25. exf5 Nxf4 26. Qxf4 f6 27. O-O-O Qb4 28. Rd3 a5 29. Re3 a4 30. Rxe7 Qc3+ 31. Kb1 a3 32. Re2 Kf7 33. g6+ hxg6 34. fxg6+ Kg7 35. h5 Rhe8 36. h6+ Kg8 37. h7+ Kh8 38. Rhe1 Qxe1+ 39. Rxe1 Rxe1+ 40. Kc2 Kg7 41. Qxd6 Rbe8 42. Qd7+ Kxg6 43. Qg4+ Kxh7 44. d6 f5 45. Qxf5+ Kg7 46. Qf7+ Kh6 47. Bd3 R8e6 48. Qh7+ Kg5 49. Qf5+ Kh4 50. d7 Rd6 51. Qf2+ Kg5 52. Qxe1 Rxd7 53. Qe6 Rd4 54. Qe5+ Kg4 55. Qxc5 Rf4 56. Qc4 Kf3 57. Qxf4+ Kxf4 58. Kc3 Ke5 59. Kb4 1-0


[Site "https://www.chess.com"]

[Event "Titled Tuesday Blitz November 15 Late 2022"]
[White "Goroshkov, Maksym"]
[Black "Rustemov, Alexander"]
[WhiteFideId "14142716"]
[BlackFideId "4119002"]
[WhiteElo "2257"]
[BlackElo "2826"]
[Result "0-1"]
[Round "10"]
[TimeControl "180+1"]
[Date "2022.11.15"]
[WhiteClock "0:01:21"]
[BlackClock "0:00:29"]

1. e4 e6 2. d4 d5 3. exd5 exd5 4. c4 Nf6 5. Nc3 Bb4 6. Nf3 O-O 7. Be2 dxc4 8. Bxc4 Nc6 9. O-O Bg4 10. Bg5 h6 11. Bxf6 Qxf6 12. Nd5 Qd6 13. Nxb4 Qxb4 14. Be2 Rad8 15. d5 Be6 16. dxe6 Rxd1 17. exf7+ Rxf7 18. Raxd1 Re7 19. Rfe1 Qxb2 20. Bc4+ Kf8 21. Rxe7 Kxe7 22. h4 Qc2 23. Bb3 Qc5 24. Re1+ Kd8 25. Rd1+ Kc8 26. Be6+ Kb8 27. Rd7 Qc1+ 28. Kh2 Qf4+ 29. Kg1 Qf6 30. Rf7 Qxe6 31. Rf8+ Qc8 32. Rxc8+ Kxc8 33. a3 Kd7 34. Kf1 Kd6 35. Ke2 Ne5 36. Nd4 g6 37. Nb5+ Kd7 38. Nxa7 c6 39. Ke3 Nc4+ 40. Kd4 Nxa3 41. Kc5 Kc7 42. g4 b6+ 43. Kd4 Kb7 44. f4 Kxa7 45. f5 gxf5 46. g5 hxg5 47. h5 Nb5+ 48. Ke5 g4 49. h6 g3 50. h7 g2 51. h8=Q g1=Q 52. Qc8 Qd4+ 53. Ke6 Qd6+ 54. Kxf5 Nc7 55. Qh8 b5 56. Qa1+ Kb6 57. Ke4 Qd5+ 58. Ke3 c5 59. Qh8 Qd4+ 60. Qxd4 cxd4+ 61. Kxd4 Ka5 62. Kc3 b4+ 63. Kb3 Kb5 64. Kb2 Nd5 65. Kb3 Nb6 66. Kb2 Kc4 67. Kc2 Na4 68. Kb1 b3 69. Ka1 Kc3 70. Kb1 b2 71. Ka2 Kc2 0-1


[Site "https://www.chess.com"]

[Event "Titled Tuesday Blitz November 15 Late 2022"]
[White "Goryachkina, Aleksandra"]
[Black "Salman, Pavel"]
[WhiteFideId "4147103"]
[BlackFideId "24153753"]
[WhiteElo "2484"]
[BlackElo "2187"]
[Result "1-0"]
[Round "10"]
[TimeControl "180+1"]
[Date "2022.11.16"]
[WhiteClock "0:00:41"]
[BlackClock "0:00:02"]

1. e4 c5 2. Nf3 e6 3. g3 d6 4. Bg2 Nf6 5. Qe2 Be7 6. O-O O-O 7. c3 b6 8. Rd1 Ba6 9. d3 Nbd7 10. a4 Ne5 11. Na3 Nxf3+ 12. Qxf3 Nd7 13. d4 cxd4 14. cxd4 Rc8 15. Be3 Bb7 16. Qe2 a6 17. d5 exd5 18. exd5 Bf6 19. Rac1 Re8 20. b4 Ne5 21. h3 Qd7 22. b5 axb5 23. Qxb5 Ra8 24. Qxd7 Nxd7 25. Nb5 Rxa4 26. Nxd6 Rb8 27. Nxb7 Rxb7 28. Rc8+ Nf8 29. d6 Rba7 30. d7 Ra1 31. d8=Q Bxd8 32. Rxd8 Rxd1+ 33. Rxd1 g6 34. Rd8 Rd7 35. Rb8 Rd1+ 36. Kh2 Kg7 37. Bxb6 Ne6 38. Be3 h5 39. h4 Kf6 40. Bh3 Rd6 41. Kg2 Kg7 42. Bxe6 Rxe6 43. Bd4+ 1-0


[Site "https://www.chess.com"]

[Event "Titled Tuesday Blitz November 15 Late 2022"]
[White "Gurevich, Dmitry"]
[Black "Svane, Frederik"]
[WhiteFideId "2000407"]
[BlackFideId "12923044"]
[WhiteElo "2506"]
[BlackElo "2466"]
[Result "0-1"]
[Round "10"]
[TimeControl "180+1"]
[Date "2022.11.15"]
[WhiteClock "0:00:11"]
[BlackClock "0:00:07"]

1. d4 d5 2. c4 e6 3. Nc3 c6 4. e4 dxe4 5. Nxe4 Bb4+ 6. Nc3 e5 7. dxe5 Qa5 8. Nf3 Bg4 9. Be2 Bxf3 10. Bxf3 Bxc3+ 11. bxc3 Qxc3+ 12. Bd2 Qxe5+ 13. Qe2 Nd7 14. Bc3 Qxe2+ 15. Kxe2 Ngf6 16. Rab1 O-O-O 17. Rhc1 Ne5 18. Bxe5 Rhe8 19. Rb5 cxb5 20. cxb5+ Kd7 21. Rc7+ Ke6 22. Bf4 Nd5 23. Bxd5+ Rxd5 24. Rxb7 Re7 25. Rb8 Rd4 26. Be3 Ra4 27. b6 Rxa2+ 28. Kf3 axb6 29. Rxb6+ Kd5 30. Rb5+ Kc6 31. Rc5+ Kd7 32. Rd5+ Ke6 33. Rb5 f6 34. g4 Kf7 35. h4 Rd7 36. h5 Ra4 37. Rc5 Rb7 38. Rd5 Ke6 39. Rc5 Rbb4 40. g5 fxg5 41. Rxg5 Rb7 42. Rc5 Rd7 43. Rc6+ Kf7 44. Rc5 Ra6 45. Kg4 Ra4+ 46. Kf3 Ra6 47. Kg4 Re6 48. Rf5+ Rf6 49. Rb5 Rc6 50. Rf5+ Ke6 51. Ra5 Rc4+ 52. Kf3 Rf7+ 53. Kg3 Rf5 54. Ra6+ Kd7 55. Ra7+ Rc7 56. Rxc7+ Kxc7 57. Kg4 Rd5 58. f4 Kd6 59. f5 Ke5 60. Bf4+ Ke4 61. h6 gxh6 62. f6 h5+ 63. Kg3 Rd3+ 64. Kh4 Kxf4 65. f7 Rd8 0-1


[Site "https://www.chess.com"]

[Event "Titled Tuesday Blitz November 15 Late 2022"]
[White "Hajiyev, Kanan"]
[Black "Al-Tarboush, Ward"]
[WhiteFideId "13404148"]
[BlackFideId "7601450"]
[WhiteElo "2118"]
[BlackElo "2273"]
[Result "1-0"]
[Round "10"]
[TimeControl "180+1"]
[Date "2022.11.16"]
[WhiteClock "0:00:09"]
[BlackClock "0:00:33"]

1. d4 Nf6 2. Nf3 g6 3. c4 Bg7 4. g3 O-O 5. Bg2 c6 6. O-O d5 7. cxd5 cxd5 8. Nc3 Nc6 9. Ne5 Bf5 10. Nxc6 bxc6 11. Na4 Ne4 12. Be3 Rb8 13. Rc1 Qa5 14. b3 h5 15. Qe1 Qa6 16. f3 Nd6 17. Kh1 Nb5 18. Qd2 h4 19. g4 Be6 20. Nc5 Qc8 21. a4 Nd6 22. Bg5 Bf6 23. Bxf6 exf6 24. Qf4 Qd8 25. Rc3 g5 26. Qd2 Qa5 27. h3 Rfc8 28. Qc2 Qb4 29. Nxe6 fxe6 30. Qg6+ Kf8 31. Qxf6+ Nf7 32. Rfc1 Qe7 33. Qg6 Rb6 34. e4 a5 35. e5 Nd8 36. f4 Qg7 37. Qd3 gxf4 38. Rf1 Qg5 39. Qd2 Nf7 40. Rxf4 Ke8 41. Qf2 Rc7 42. Rcf3 Rbb7 43. Qd2 c5 44. dxc5 Qxe5 45. Re3 Qg5 46. Rxe6+ Kd8 47. Qxd5+ Qxd5 48. Bxd5 Rb4 49. Rxb4 axb4 50. c6 Ng5 51. Rg6 Nxh3 52. Rg8+ Ke7 53. Rg7+ Kd6 54. Rxc7 Kxc7 55. a5 Nf4 56. Be4 Ne6 57. a6 Kb6 58. Bf5 Nc7 59. Bd7 Kxa6 60. g5 Kb6 61. g6 Nd5 62. g7 Nf6 63. Be6 Kxc6 64. g8=Q Nxg8 65. Bxg8 Kd6 66. Kh2 Ke5 67. Kh3 1-0


[Site "https://www.chess.com"]

[Event "Titled Tuesday Blitz November 15 Late 2022"]
[White "Hambleton, Aman"]
[Black "Badelka, Olga"]
[WhiteFideId "2606577"]
[BlackFideId "13509926"]
[WhiteElo "2538"]
[BlackElo "2337"]
[Result "1-0"]
[Round "10"]
[TimeControl "180+1"]
[Date "2022.11.16"]
[WhiteClock "0:00:02"]
[BlackClock "0:00:01"]

1. d4 Nf6 2. c4 e6 3. Nc3 Bb4 4. Qc2 d6 5. e4 Nbd7 6. Bd3 e5 7. Ne2 exd4 8. Nxd4 Nc5 9. O-O Nxd3 10. Qxd3 h6 11. Nc2 Bxc3 12. Qxc3 O-O 13. f3 b5 14. cxb5 a6 15. bxa6 Bxa6 16. Rd1 Qe7 17. b3 Nh5 18. Bb2 f5 19. Re1 Nf4 20. Kh1 fxe4 21. Rxe4 Qg5 22. Qd2 Bb7 23. Re3 Kh7 24. Rae1 Rae8 25. Nd4 Rxe3 26. Rxe3 Nxg2 27. Qc2+ Kh8 28. Nf5 Qxf5 29. Qxg2 Bxf3 30. Rxf3 Qxf3 31. Bxg7+ Kh7 32. Bxf8 Qxf8 33. Qe4+ Kh8 34. Kg2 Qg7+ 35. Kf3 Qc3+ 36. Qe3 Qf6+ 37. Kg3 Qg6+ 38. Kf3 Qf6+ 39. Ke4 Qe5+ 40. Kd3 Qf5+ 41. Kc3 Qa5+ 42. Kb2 Kh7 43. a4 1-0


[Site "https://www.chess.com"]

[Event "Titled Tuesday Blitz November 15 Late 2022"]
[White "Harish, Neeraj"]
[Black "Paiva, Henrique M A Albergaria"]
[WhiteFideId "30958130"]
[BlackFideId "1920995"]
[WhiteElo "1815"]
[BlackElo "1953"]
[Result "0-1"]
[Round "10"]
[TimeControl "180+1"]
[Date "2022.11.16"]
[WhiteClock "0:01:41"]
[BlackClock "0:01:29"]

1. Nf3 d5 2. c4 c6 3. e3 Nf6 4. b3 g6 5. Bb2 Bg7 6. Be2 O-O 7. O-O Bg4 8. Nc3 e6 9. d4 Nbd7 10. Qc2 Bf5 11. Bd3 Bxd3 12. Qxd3 a5 13. Ba3 Re8 14. Rac1 Bf8 15. Bxf8 Kxf8 16. e4 dxe4 17. Nxe4 Nxe4 18. Qxe4 Nf6 19. Qh4 Kg7 20. Rfd1 Nh5 21. Qxd8 Rexd8 22. d5 cxd5 23. cxd5 exd5 24. Rc7 Nf4 25. g3 Ne6 26. Rxb7 d4 27. Ne5 Rf8 28. Nc6 Kg8 29. Rd7 a4 30. b4 a3 31. Nxd4 Nxd4 32. R1xd4 Rfc8 33. b5 Rc1+ 34. Kg2 Rc2 35. Rd2 Rb2 36. Rd8+ Rxd8 37. Rxd8+ Kg7 38. Ra8 Rxa2 39. b6 Rb2 40. Rxa3 Rxb6 41. Re3 h5 42. h4 Rb4 43. Ra3 Rc4 44. Ra6 Rc5 45. Rb6 Rc3 46. Ra6 Rb3 47. Rb6 Rxb6 0-1


[Site "https://www.chess.com"]

[Event "Titled Tuesday Blitz November 15 Late 2022"]
[White "Harshal, Shahi"]
[Black "Bazzano, Sebastian"]
[WhiteFideId "5048257"]
[BlackFideId "104566"]
[WhiteElo "2054"]
[BlackElo "2256"]
[Result "0-1"]
[Round "10"]
[TimeControl "180+1"]
[Date "2022.11.16"]
[WhiteClock "0:00:02"]
[BlackClock "0:00:30"]

1. e4 e6 2. d4 d5 3. Nd2 dxe4 4. Nxe4 Bd7 5. Nf3 Bc6 6. Bd3 Bxe4 7. Bxe4 c6 8. O-O Nf6 9. Bd3 Bd6 10. c3 Nbd7 11. Bg5 O-O 12. Bc2 Qc7 13. h3 Rfe8 14. Nd2 Bf4 15. Bxf4 Qxf4 16. Nf3 Rad8 17. g3 Qc7 18. Re1 e5 19. Qd2 exd4 20. Rxe8+ Rxe8 21. Nxd4 Ne5 22. f4 Nc4 23. Qf2 Nxb2 24. g4 Nc4 25. f5 h6 26. Re1 Rxe1+ 27. Qxe1 Qf4 28. Bd3 Ne5 0-1


[Site "https://www.chess.com"]

[Event "Titled Tuesday Blitz November 15 Late 2022"]
[White "Harshavardhan G B"]
[Black "Averjanov, Alexey"]
[WhiteFideId "25059009"]
[BlackFideId "14109867"]
[WhiteElo "2333"]
[BlackElo "2620"]
[Result "1-0"]
[Round "10"]
[TimeControl "180+1"]
[Date "2022.11.15"]
[WhiteClock "0:00:08"]
[BlackClock "0:00:03"]

1. d4 d5 2. c4 dxc4 3. e4 Nf6 4. e5 Nd5 5. Bxc4 Nb6 6. Bd3 Nc6 7. Ne2 Bg4 8. Be3 e6 9. Nbc3 Nb4 10. Be4 N4d5 11. O-O c6 12. a4 a5 13. Qb3 Bb4 14. Ng3 h5 15. h3 h4 16. Nge2 Bh5 17. Nc1 Nxe3 18. fxe3 Qg5 19. N3e2 Bxe2 20. Nxe2 Nd5 21. Nf4 O-O-O 22. Bxd5 cxd5 23. Rac1+ Kb8 24. Qd3 Rc8 25. Ne2 Rxc1 26. Rxc1 Rc8 27. Rxc8+ Kxc8 28. Kf2 Kb8 29. Qc2 f6 30. exf6 Qxf6+ 31. Kg1 e5 32. dxe5 Qxe5 33. Qd3 Bc5 34. Nd4 g5 35. b3 Bxd4 36. Qxd4 Qf5 37. Qc3 Qe4 38. Qh8+ Kc7 39. Qg7+ Kc6 40. Qxg5 Qb1+ 41. Kh2 Qxb3 42. Qxh4 b5 43. Qf6+ Kc5 44. Qe7+ Kc4 45. axb5 Qxb5 46. h4 a4 47. h5 Kb3 48. h6 Qb6 49. Qg7 a3 50. h7 Qd6+ 51. g3 d4 52. h8=Q 1-0


[Site "https://www.chess.com"]

[Event "Titled Tuesday Blitz November 15 Late 2022"]
[White "Haszon, David"]
[Black "Manukyan, Sargis A."]
[WhiteFideId "733610"]
[BlackFideId "13303970"]
[WhiteElo "2211"]
[BlackElo "2187"]
[Result "1-0"]
[Round "10"]
[TimeControl "180+1"]
[Date "2022.11.16"]
[WhiteClock "0:00:15"]
[BlackClock "0:00:01"]

1. e4 e6 2. d4 d5 3. Nd2 Nc6 4. Ngf3 Nf6 5. e5 Nd7 6. Bd3 Nb4 7. Be2 c5 8. c3 Nc6 9. O-O Be7 10. Bd3 g5 11. dxc5 g4 12. Nd4 Ndxe5 13. Bb5 Bd7 14. N2b3 h5 15. Bf4 Ng6 16. Be3 e5 17. Nc2 Be6 18. Nb4 Rc8 19. f4 gxf3 20. Qxf3 d4 21. Rad1 Bxc5 22. Nxc5 O-O 23. Bxc6 bxc6 24. cxd4 Bg4 25. Qg3 Bxd1 26. Rxd1 Qa5 27. a3 Rcd8 28. Nb7 Qa4 29. Rd2 exd4 30. Nxd8 dxe3 31. Qxe3 c5 32. Qxc5 Qb3 33. Ndc6 Nf4 34. Qg5+ Ng6 35. Ne7+ Kg7 36. Nxg6 fxg6 37. Rd7+ Rf7 38. Rxf7+ Kxf7 39. Qf4+ Kg7 40. Qe5+ Kh6 41. Qh8+ Kg5 42. Qd8+ Kh6 43. Qd2+ Kh7 44. h3 a5 45. Nd3 Qd5 46. Qe2 Qd4+ 47. Nf2 a4 48. Qe7+ Kh8 49. Qe8+ Kh7 50. Qe4 Qxb2 51. Qxa4 Qc1+ 52. Nd1 Qd2 53. Qb3 Qe1+ 54. Kh2 h4 55. Qf3 g5 56. Ne3 1-0


[Site "https://www.chess.com"]

[Event "Titled Tuesday Blitz November 15 Late 2022"]
[White "Jobava, Baadur"]
[Black "Yuan, Qingyu"]
[WhiteFideId "13601520"]
[BlackFideId "8609772"]
[WhiteElo "2582"]
[BlackElo "2359"]
[Result "1-0"]
[Round "10"]
[TimeControl "180+1"]
[Date "2022.11.15"]
[WhiteClock "0:01:02"]
[BlackClock "0:00:03"]

1. d4 d5 2. Nc3 Nf6 3. Bf4 c5 4. e3 cxd4 5. exd4 Bg4 6. f3 Bd7 7. Bd3 Nc6 8. Nge2 e6 9. Qd2 a6 10. g4 Be7 11. h4 Nb4 12. h5 h6 13. O-O-O Rc8 14. Kb1 Qb6 15. Be5 Bb5 16. Nxb5 axb5 17. Nc1 Nc6 18. Qe2 Nxe5 19. dxe5 Nd7 20. Bxb5 Rc7 21. f4 O-O 22. Bxd7 Rxd7 23. Rh3 f5 24. exf6 Bxf6 25. Rb3 Qd6 26. Nd3 Rc7 27. Re1 Rfc8 28. Qxe6+ Qxe6 29. Rxe6 Rxc2 30. Re8+ Rxe8 31. Kxc2 Re2+ 32. Kd1 Rg2 33. Rxb7 Rxg4 34. a4 Rg1+ 35. Kc2 Ra1 36. Kb3 g6 37. hxg6 h5 38. f5 h4 39. Nf4 Rf1 40. Rb8+ Kg7 41. Nh5+ Kh6 42. Nxf6 Rxf5 43. Nxd5 Rxd5 44. Rh8+ Kxg6 45. Rxh4 Rd4 46. Rxd4 1-0


[Site "https://www.chess.com"]

[Event "Titled Tuesday Blitz November 15 Late 2022"]
[White "Kamsky, Gata"]
[Black "Tristan, Leonardo"]
[WhiteFideId "2000024"]
[BlackFideId "113816"]
[WhiteElo "2666"]
[BlackElo "2461"]
[Result "0-1"]
[Round "10"]
[TimeControl "180+1"]
[Date "2022.11.15"]
[WhiteClock "0:00:02"]
[BlackClock "0:00:06"]

1. e4 d5 2. exd5 Qxd5 3. Nc3 Qa5 4. d4 Nf6 5. Nf3 Bf5 6. Bd2 e6 7. Ne4 Qb6 8. Nxf6+ gxf6 9. b3 c5 10. c3 Nc6 11. Be3 Bg4 12. Be2 O-O-O 13. O-O Rg8 14. Re1 h5 15. Qc1 cxd4 16. cxd4 Qc7 17. Rd1 Bd6 18. Kh1 Kb8 19. Qc4 Ne7 20. Rac1 Nd5 21. h3 Bf5 22. Qxc7+ Bxc7 23. Bd3 Bxd3 24. Rxd3 Bf4 25. Kg1 Rc8 26. Rxc8+ Rxc8 27. Bxf4+ Nxf4 28. Rd2 Rc1+ 29. Kh2 Kc7 30. Kg3 Ng6 31. d5 e5 32. Nh4 Kd7 33. Nf5 Ne7 34. Nxe7 Kxe7 35. Kh4 Rc8 36. d6+ Ke6 37. d7 Rd8 38. Kxh5 Kf5 39. Kh4 Kf4 40. g3+ Kf5 41. g4+ Kf4 0-1


[Site "https://www.chess.com"]

[Event "Titled Tuesday Blitz November 15 Late 2022"]
[White "Kaplan, Avi Harrison"]
[Black "Shuvalova, Polina"]
[WhiteFideId "30934559"]
[BlackFideId "24171760"]
[WhiteElo "1983"]
[BlackElo "2342"]
[Result "1-0"]
[Round "10"]
[TimeControl "180+1"]
[Date "2022.11.16"]
[WhiteClock "0:00:06"]
[BlackClock "0:00:08"]

1. d4 Nf6 2. c4 e6 3. Nc3 Bb4 4. Bd2 O-O 5. Nf3 d5 6. e3 Nbd7 7. Bd3 dxc4 8. Bxc4 Be7 9. O-O a6 10. e4 b5 11. Bd3 Bb7 12. e5 Nd5 13. Rc1 Nxc3 14. Rxc3 c5 15. Bxh7+ Kxh7 16. Ng5+ Bxg5 17. Rh3+ Kg8 18. Qh5 f6 19. Bxg5 fxg5 20. Qh7+ Kf7 21. Qh5+ Ke7 22. Qxg5+ Nf6 23. Qxg7+ Ke8 24. exf6 Qd7 25. Rh8 Qf7 26. Rxf8+ Qxf8 27. Qxb7 Rd8 28. Re1 Qxf6 29. d5 Kf8 30. Qc6 Rxd5 31. h3 Kf7 32. Qc7+ Qe7 33. Qf4+ Qf6 34. Qc7+ Qe7 35. Qf4+ Rf5 36. Qh6 Qf6 37. Qh7+ Ke8 38. Qg8+ Ke7 39. Qc8 Kf7 40. Qc7+ Qe7 41. Qg3 c4 42. Qg4 Qf6 43. Qh5+ Ke7 44. Qh7+ Qf7 45. Qxf7+ Kxf7 46. Re3 Rd5 47. Re2 Rd1+ 48. Kh2 Ra1 49. a3 Rb1 50. h4 Kf6 51. h5 Kg5 52. Re5+ Kf6 53. h6 Rxb2 54. h7 Kg7 55. Rxe6 Kxh7 56. Rxa6 c3 57. Rc6 c2 58. f4 Kg7 59. Kg3 b4 60. axb4 Kf7 61. b5 Ke7 62. b6 Kd7 63. Rc7+ Kd6 64. Kh3 Rb3+ 65. g3 Rb2 66. Rc8 Kd7 67. Rc3 Kd6 68. b7 Rxb7 69. Rxc2 Ke6 70. Re2+ Kf5 71. Re5+ Kf6 72. g4 Rh7+ 73. Kg3 Ra7 74. Re3 Ra4 75. Rb3 Rc4 76. Rb6+ Kg7 77. g5 Rc1 78. Kg4 Rg1+ 79. Kf5 Re1 80. Rb7+ Kg8 81. Kf6 Re8 82. f5 Ra8 83. Kg6 Ra6+ 84. f6 Ra8 85. Rg7+ Kh8 86. Rh7+ Kg8 87. f7+ Kf8 88. Rh8+ 1-0


[Site "https://www.chess.com"]

[Event "Titled Tuesday Blitz November 15 Late 2022"]
[White "Kirillov, Dmitry"]
[Black "Mendonca, Mateus Nakajo"]
[WhiteFideId "34180572"]
[BlackFideId "2110954"]
[WhiteElo "2095"]
[BlackElo "2310"]
[Result "0-1"]
[Round "10"]
[TimeControl "180+1"]
[Date "2022.11.16"]
[WhiteClock "0:00:02"]
[BlackClock "0:00:05"]

1. e4 c5 2. Nc3 e6 3. Nge2 Nc6 4. g3 e5 5. Bg2 g6 6. d3 Bg7 7. Nd5 Nge7 8. Bg5 Qa5+ 9. Bd2 Qd8 10. Bg5 h6 11. Bf6 O-O 12. Qd2 Bxf6 13. Nxf6+ Kg7 14. Nd5 Nxd5 15. exd5 Nd4 16. c3 Nxe2 17. Qxe2 d6 18. O-O-O b5 19. f4 exf4 20. gxf4 Rb8 21. Rde1 b4 22. c4 Qf6 23. Qd2 Bd7 24. Be4 a5 25. h4 a4 26. h5 a3 27. Reg1 axb2+ 28. Qxb2 Qxb2+ 29. Kxb2 Be8 30. Rh2 Rb7 31. hxg6 f5 32. Bf3 Re7 33. Re2 Rxe2+ 34. Bxe2 Rf6 35. a3 bxa3+ 36. Kxa3 Rxg6 37. Re1 Rg3 38. Kb2 Re3 39. Rg1+ Kf6 40. Rg2 Bf7 41. Kc3 Rh3 42. Kd2 Rh1 43. Bd1 h5 44. Bc2 h4 45. d4 cxd4 46. Rg5 Bg6 47. c5 Rh2+ 48. Kd1 dxc5 49. d6 Be8 50. Rxf5+ Ke6 51. Re5+ Kxd6 52. Rxe8 h3 53. Rh8 Kd5 54. f5 c4 55. f6 Ke6 56. Be4 Kxf6 57. Bd5 c3 58. Be4 Ke5 59. Bd3 Kf4 60. Rh4+ Ke3 61. Bf1 Rh1 62. Rxh3+ Rxh3 63. Bxh3 d3 64. Bf5 c2+ 65. Kc1 Ke2 66. Bg4+ Ke1 0-1


[Site "https://www.chess.com"]

[Event "Titled Tuesday Blitz November 15 Late 2022"]
[White "Klenburg, Michael"]
[Black "Annaberdiyev, Babageldi"]
[WhiteFideId "14102072"]
[BlackFideId "14000385"]
[WhiteElo "2405"]
[BlackElo "2332"]
[Result "1-0"]
[Round "10"]
[TimeControl "180+1"]
[Date "2022.11.16"]
[WhiteClock "0:02:33"]
[BlackClock "0:02:49"]

1. g3 e6 2. Bg2 d5 3. Nf3 f5 4. O-O Nf6 5. d3 c6 6. c4 Bc5 7. cxd5 exd5 8. Nc3 O-O 9. Qc2 Qe7 10. Bf4 Nbd7 11. e4 fxe4 12. dxe4 Nxe4 13. Nxe4 dxe4 14. Ng5 Nf6 15. Nxe4 Bf5 16. Qxc5 1-0


[Site "https://www.chess.com"]

[Event "Titled Tuesday Blitz November 15 Late 2022"]
[White "Kopylov, Alexander A."]
[Black "Janaszak, Dawid"]
[WhiteFideId "4164857"]
[BlackFideId "1119206"]
[WhiteElo "2436"]
[BlackElo "2226"]
[Result "0-1"]
[Round "10"]
[TimeControl "180+1"]
[Date "2022.11.16"]
[WhiteClock "0:00:46"]
[BlackClock "0:00:17"]

1. e4 c5 2. Nf3 Nc6 3. Bb5 g6 4. O-O Bg7 5. Re1 e5 6. Nc3 Nge7 7. Nd5 O-O 8. d3 d6 9. h3 Nxd5 10. exd5 Nb4 11. Bc4 b6 12. c3 Na6 13. a4 Nc7 14. d4 Bb7 15. dxe5 dxe5 16. d6 Bxf3 17. Qxf3 Qxd6 18. Bg5 Ne6 19. Red1 Nxg5 20. Rxd6 Nxf3+ 21. gxf3 Bh6 22. Rd7 Bg5 23. a5 bxa5 24. Rxa5 Rad8 25. Rdxa7 Rd2 26. b3 Bh4 27. Rxf7 Rxf7 28. Ra7 Bxf2+ 29. Kf1 Bg3 30. Rxf7 Kh8 31. Rc7 Rf2+ 32. Kg1 Rxf3 33. Rxc5 Rxc3 34. Kg2 Bf4 35. Rc8+ Kg7 36. Rc7+ Kh6 37. Re7 Rg3+ 38. Kf2 Rxh3 39. Bg8 Kg5 40. Rxh7 Rxh7 41. Bxh7 Kf6 42. Kf3 Kg7 43. Bxg6 Kxg6 44. b4 Kf6 45. b5 Kf5 0-1


[Site "https://www.chess.com"]

[Event "Titled Tuesday Blitz November 15 Late 2022"]
[White "Korchmar, Vasiliy"]
[Black "Milchev, Nikolay"]
[WhiteFideId "24131750"]
[BlackFideId "2906090"]
[WhiteElo "2370"]
[BlackElo "2449"]
[Result "1-0"]
[Round "10"]
[TimeControl "180+1"]
[Date "2022.11.15"]
[WhiteClock "0:00:18"]
[BlackClock "0:01:28"]

1. e4 Nf6 2. e5 Nd5 3. d4 d6 4. Nf3 g6 5. Bc4 Nb6 6. Bb3 Bg7 7. Qe2 d5 8. O-O O-O 9. Bg5 Be6 10. Nbd2 h6 11. Bh4 N8d7 12. c3 c5 13. Rfe1 a5 14. a4 Re8 15. Nf1 Bg4 16. Ne3 Bxf3 17. Qxf3 g5 18. Bg3 e6 19. Qh5 cxd4 20. cxd4 Rc8 21. Ng4 f5 22. exf6 Nxf6 23. Nxf6+ Qxf6 24. Be5 Qf7 25. Qg4 Nd7 26. Bxg7 Kxg7 27. Re3 Nf6 28. Qe2 Ne4 29. Bc2 Nd6 30. Re1 Rc6 31. Rf3 Qg8 32. Qe5# 1-0


[Site "https://www.chess.com"]

[Event "Titled Tuesday Blitz November 15 Late 2022"]
[White "Kujawski, Adam"]
[Black "Stanisz, Patryk"]
[WhiteFideId "1100920"]
[BlackFideId "1123106"]
[WhiteElo "2053"]
[BlackElo "2069"]
[Result "1/2-1/2"]
[Round "10"]
[TimeControl "180+1"]
[Date "2022.11.16"]
[WhiteClock "0:00:04"]
[BlackClock "0:00:02"]

1. e4 c5 2. Nf3 Nc6 3. Nc3 Nf6 4. d4 cxd4 5. Nxd4 e5 6. Ndb5 d6 7. Bg5 a6 8. Na3 b5 9. Bxf6 gxf6 10. Nd5 Bg7 11. c3 Ne7 12. Nc2 f5 13. exf5 Nxf5 14. Bd3 Nh4 15. O-O O-O 16. Qh5 f5 17. Nce3 e4 18. Bc2 Be6 19. f4 Bf7 20. Qe2 Kh8 21. a4 Rb8 22. axb5 axb5 23. Ra7 Be6 24. Qh5 b4 25. Rfa1 bxc3 26. bxc3 Ng6 27. g3 Rb2 28. R1a2 Rxa2 29. Rxa2 Bxd5 30. Nxd5 Qc8 31. Qd1 Qc5+ 32. Kg2 Bxc3 33. Nxc3 Qxc3 34. Qxd6 Qf3+ 35. Kg1 Qe3+ 36. Kg2 Qf3+ 37. Kg1 Qe3+ 38. Kg2 Qe2+ 39. Kg1 Qe3+ 1/2-1/2


[Site "https://www.chess.com"]